 Dungeon Crawl Stone Soup version 0.23.0 (webtiles) character file.

Game seed: 2323172215246195573

10500 Murks the Martial Artist (level 11, -8/78 HPs)
             Began as a Demonspawn Transmuter on Feb 18, 2019.
             Was a High Priest of Okawaru.
             Mangled by a manticore (10 damage)
             ... on level 12 of the Dungeon.
             The game lasted 01:25:21 (18109 turns).

Murks the Martial Artist (Demonspawn Transmuter)   Turns: 18109, Time: 01:25:23

Health: -8/78      AC:  2    Str: 10    XL:     11   Next: 37%
Magic:  20/20      EV: 28    Int: 19    God:    Okawaru [*****.]
Gold:   429        SH:  0    Dex: 23    Spells: 11/22 levels left

rFire    . . .     SeeInvis .     - Unarmed
rCold    . . .     Gourm    .   (shield currently unavailable)
rNeg     . . .     Faith    .   (armour currently unavailable)
rPois    x         Spirit   .   (helmet currently unavailable)
rElec    .         Reflect  .   (cloak currently unavailable)
rCorr    .         Harm     .   (gloves currently unavailable)
MR       .....                  (boots currently unavailable)
Stlth    ++++......             Q - amulet of the acrobat
HPRegen  0.23/turn              j - +1 ring of evasion
MPRegen  0.17/turn              M - ring of stealth

@: agile, spider-form, studying Bows
A: tiny, powered by pain 2
a: End Transformation, Heroism, Finesse, Renounce Religion


You were on level 12 of the Dungeon.
You worshipped Okawaru.
Okawaru was extremely pleased with you.
You were very hungry.
You were a venomous arachnid creature.
You visited 2 branches of the dungeon, and saw 13 of its levels.

You collected 577 gold pieces.
You spent 148 gold pieces at shops.

Inventory:

Hand Weapons
 l - a +0 hunting sling (melded)
Missiles
 a - 134 arrows
 g - 69 sling bullets
 t - 344 stones (quivered)
 T - 2 throwing nets
Armour
 b - a +0 robe
 A - a +1 robe of the Archmagi (melded)
 C - the +1 robe of Wairigg {-Tele rF+ SInv}
   (You bought it in a shop on level 6 of the Dungeon)

   It protects you from fire.
   It lets you see invisible.
   It prevents most forms of teleportation.
 N - a +0 helmet (melded)
 P - a +0 pair of gloves (melded)
Jewellery
 i - an uncursed amulet of magic regeneration
 j - a +1 ring of evasion (left front leg)
 M - a ring of stealth (right front leg)
 O - a +4 amulet of reflection
 Q - an amulet of the acrobat (around neck)
Wands
 f - a wand of polymorph (4)
 o - a wand of flame (11)
 y - a wand of disintegration (5)
 E - a wand of scattershot (4)
 G - a wand of digging (6)
 R - a wand of acid (8)
Scrolls
 c - 6 scrolls of teleportation
 e - 3 scrolls of identify
 h - 2 scrolls of magic mapping {unknown}
 k - 3 scrolls of random uselessness {unknown}
 n - 3 scrolls of fog {unknown}
 r - 2 scrolls of enchant weapon {unknown}
 s - a scroll of amnesia {unknown}
 u - 3 scrolls of blinking
 v - 2 scrolls of remove curse
 w - 3 scrolls of immolation {unknown}
 H - a scroll of summoning {unknown}
 J - a scroll of fear {unknown}
 K - a scroll of enchant armour {unknown}
 L - 2 scrolls of noise {unknown}
Potions
 m - 2 potions of haste
 p - 2 potions of brilliance
 q - 2 potions of flight
 x - a potion of cancellation
 z - 2 potions of agility
 B - a potion of curing
 D - a potion of berserk rage
 F - 2 potions of magic
Books
 I - a manual of Bows
Comestibles
 d - 9 rations


   Skills:
 + Level 4.8 Fighting
 + Level 3.3 Dodging
 - Level 12.2 Unarmed Combat
 - Level 6.0 Spellcasting
 + Level 7.8 Transmutations
 - Level 3.0 Poison Magic


You had 11 spell levels left.
You knew the following spells:

 Your Spells              Type           Power        Failure   Level  Hunger
a - Beastly Appendage     Tmut           #####.       3%          1    None
b - Sticks to Snakes      Tmut           #####...     4%          2    None
c - Spider Form           Tmut/Pois      ####......   12%         3    ##.....
d - Blade Hands           Tmut           #####.....   28%         5    #####..

Your spell library contained the following spells:

 Spells                   Type           Power        Failure   Level  Hunger
 Animate Skeleton         Necr           N/A          26%         1    None
 Apportation              Tloc           #.....       26%         1    None
 Confusing Touch          Hex            #.....       26%         1    None
 Flame Tongue             Conj/Fire      #....        26%         1    None
 Infusion                 Chrm           #...         26%         1    None
 Shock                    Conj/Air       #...         26%         1    None
 Summon Small Mammal      Summ           #...         26%         1    None
 Shroud of Golubria       Chrm/Tloc      #.........   36%         2    None
 Song of Slaying          Chrm           #.......     36%         2    None
 Swiftness                Chrm/Air       #.......     36%         2    None
 Throw Flame              Conj/Fire      #.....       36%         2    None
 Ice Form                 Ice/Tmut       ###.....     43%         4    ####...
 Petrify                  Tmut/Erth      ###.....     43%         4    ####...
 Confuse                  Hex            #.......     54%         3    ##.....
 Conjure Flame            Conj/Fire      #.......     54%         3    ##.....
 Gell's Gravitas          Tloc           #.........   54%         3    ##.....
 Inner Flame              Hex/Fire       #.......     54%         3    ##.....
 Regeneration             Chrm/Necr      #.........   54%         3    ##.....
 Spectral Weapon          Hex/Chrm       #.......     54%         3    ##.....
 Static Discharge         Conj/Air       #.......     54%         3    ##.....
 Yara's Violent Unravell  Hex/Tmut       ###.......   73%         5    #####..
 Airstrike                Air            #.........   88%         4    ####...
 Sticky Flame             Conj/Fire      #.......     88%         4    ####...
 Fireball                 Conj/Fire      #.........   99%         5    #####..
 Lightning Bolt           Conj/Air       #.........   99%         5    #####..
 Metabolic Englaciation   Hex/Ice        #.........   99%         5    #####..


Dungeon Overview and Level Annotations

Branches:
Dungeon (12/15)            Temple (1/1) D:6            Lair (0/6) D:11
    Orc: D:9-12

Altars:
Ashenzari
Cheibriados
Dithmenos
Elyvilon
Fedhas
Gozag
Hepliaklqana
Kikubaaqudgha
Makhleb
Nemelex Xobeh
Okawaru
Qazlal
Ru
Sif Muna
Trog
Uskayaw
Vehumet
Wu Jian
Xom
Yredelemnul
Zin
The Shining One

Shops:
D:6 [

Annotations:
D:6 exclusion: oklob plant
D:8 3 runed translucent doors, Zaque's ghost, novice TrHu
D:9 1 exclusion
D:11 exclusion: oklob plant


Innate Abilities, Weirdness & Mutations

((You have sharp fingernails.))
((You are completely covered in molten scales. (AC +4, rF+)))
You sometimes gain power by taking damage.


Message History

The manticore misses you. x2; The manticore completely misses you.
The manticore completely misses you. x2
The manticore claws you but does no damage.
You carefully extract the barbed spikes from your body.
The manticore completely misses you. x3
The manticore bites you!
* * * LOW HITPOINT WARNING * * *
The manticore completely misses you. The manticore closely misses you.
The manticore completely misses you. x2; The manticore misses you.
The manticore completely misses you. x3
The manticore closely misses you. The manticore completely misses you. x2
The manticore completely misses you. The manticore closely misses you.
The manticore barely misses you.
You hit the manticore.
The manticore looks as sick as possible!
The manticore is almost dead.
The manticore completely misses you. The manticore claws you.
* * * LOW HITPOINT WARNING * * *
The manticore claws you!
You die...

## #########
.#
......$$#..#
........#.#
.....?..H.#
...?...s#
.......<#
........#
.........
###.######
#. #


You could see a manticore.

Vanquished Creatures
  A hydra (D:11)
  An unseen horror (D:12)
  Pikel (D:8)
  2 manticores
  A troll (D:10)
  A hippogriff (D:10)
  3 wyverns
  10 yaks (D:10)
  A wraith (D:11)
  3 vampire mosquitoes (D:12)
  2 hungry ghosts
  Menkaure (D:4)
  An acid dragon (D:11)
  3 orc warriors
  A slave (D:8)
  4 ice beasts
  4 sky beasts
  2 black bears
  A necrophage (D:12)
  3 ogres
  6 centaurs
  A crocodile (D:8)
  A big kobold (D:7)
  2 bullfrogs
  A wyvern skeleton (D:11)
  2 scorpions
  4 killer bees
  5 howler monkeys
  5 crimson imps
  A quasit (D:7)
  2 bullfrog zombies
  2 centaur skeletons
  A gnoll shaman (D:9)
  4 hounds
  4 jellies
  4 orc priests
  3 bullfrog skeletons
  8 orc wizards
  Natasha (thrice) (D:3)
  3 iguanas
  6 worker ants
  A hound zombie (D:9)
  A hound skeleton (D:5)
  A worker ant zombie (D:11)
  3 gnolls (D:9)
  2 howler monkey skeletons
  7 adders
  6 shadow imps
  2 oozes
  An adder skeleton (D:9)
  A worm (D:2)
  8 dart slugs
  5 leopard geckos
  21 orcs
  9 giant cockroaches
  5 goblins
  5 hobgoblins
  12 jackals
  10 kobolds
  5 quokkas
  8 bats
  9 frilled lizards
  A jackal skeleton (D:5)
  A leopard gecko skeleton (D:5)
  A leopard gecko zombie (D:5)
  2 quokka skeletons
  9 rats
250 creatures vanquished.

Vanquished Creatures (collateral kills)
  A merfolk (D:11)
  A wyvern (D:9)
  Sigmund (D:5)
  A black bear (D:7)
  An ogre (D:6)
  An eye of draining (D:10)
  A necrophage (D:9)
  A big kobold (D:11)
  2 scorpions
  5 killer bees (D:12)
  4 wights (D:11)
  2 howler monkeys (D:10)
  A hound (D:10)
  A jelly (D:12)
  An iguana (D:10)
  2 worker ants (D:6)
  2 gnolls (D:9)
  3 adders
  A shadow imp (D:10)
  An orc (D:6)
  A quokka (D:5)
  5 kobolds
  A plant (D:11)
40 creatures vanquished.

Vanquished Creatures (others)
  A slave (D:8)
1 creature vanquished.

Grand Total: 291 creatures vanquished

Notes
Turn   | Place    | Note
-------+----------+-------------------------------------------
     0 | D:1      | Murks the Demonspawn Transmuter began the quest for the
                  | Orb.
     0 | D:1      | Reached XP level 1. HP: 15/15 MP: 3/3
   346 | D:1      | Reached skill level 3 in Unarmed Combat
   350 | D:1      | Gained mutation: You are partially covered in molten
                  | scales. (AC +2) [demonic ancestry]
   350 | D:1      | Reached XP level 2. HP: 14/21 MP: 3/5
   944 | D:1      | Learned a level 2 spell: Sticks to Snakes
  1109 | D:2      | Reached XP level 3. HP: 20/26 MP: 4/6
  1129 | D:2      | Noticed an ogre
  1255 | D:2      | Killed an ogre
  1255 | D:2      | Reached skill level 4 in Unarmed Combat
  1255 | D:2      | Gained mutation: You sometimes gain a little power by
                  | taking damage. [demonic ancestry]
  1255 | D:2      | Reached XP level 4. HP: 32/32 MP: 1/7
  1437 | D:2      | Learned a level 3 spell: Spider Form
  1950 | D:3      | Noticed Natasha
  1956 | D:3      | Killed Natasha
  1956 | D:3      | Reached XP level 5. HP: 37/37 MP: 8/8
  2076 | D:3      | Noticed Natasha
  2102 | D:3      | Killed Natasha
  2102 | D:3      | Reached skill level 1 in Poison Magic
  2316 | D:3      | Noticed Natasha
  2330 | D:3      | Killed Natasha
  2353 | D:3      | Found a bloodstained altar of Trog.
  2376 | D:3      | Found a faded altar of an unknown god.
  2689 | D:3      | Reached skill level 5 in Unarmed Combat
  3191 | D:4      | Gained mutation: You are mostly covered in molten scales.
                  | (AC +3) [demonic ancestry]
  3191 | D:4      | Reached XP level 6. HP: 43/43 MP: 5/9
  3477 | D:4      | Noticed Menkaure
  4334 | D:4      | Found a deep blue altar of Sif Muna.
  5009 | D:4      | Killed Menkaure
  5009 | D:4      | Reached XP level 7. HP: 48/48 MP: 3/10
  5088 | D:4      | Identified the +3 broad axe of the Onslaught {chop, *Rage
                  | rPois Str+3 Dex+2} (You found it on level 4 of the Dungeon)
  5116 | D:5      | Entered Level 5 of the Dungeon
  5152 | D:5      | Reached skill level 6 in Unarmed Combat
  6609 | D:5      | Noticed Sigmund
  6685 | D:5      | Killed Sigmund
  6685 | D:5      | Gained mutation: You sometimes gain power by taking damage.
                  | [demonic ancestry]
  6685 | D:5      | Reached XP level 8. HP: 51/56 MP: 11/11
  6971 | D:5      | Reached skill level 7 in Unarmed Combat
  7018 | D:6      | Found Xicwor's Antique Armour Shoppe.
  7025 | D:6      | Bought an ominously black robe for 148 gold pieces
  7025 | D:6      | Identified the cursed +1 robe of Wairigg {-Tele rF+ SInv}
                  | (You bought it in a shop on level 6 of the Dungeon)
  7268 | D:6      | Found a staircase to the Ecumenical Temple.
  7273 | Temple   | Entered the Ecumenical Temple
  7607 | D:6      | Found a blossoming altar of Fedhas.
  7622 | D:6      | Noticed an oklob plant
  8230 | D:6      | Reached skill level 8 in Unarmed Combat
  9515 | D:7      | Gained mutation: You are completely covered in molten
                  | scales. (AC +4, rF+) [demonic ancestry]
  9515 | D:7      | Reached XP level 9. HP: 66/66 MP: 12/12
 10121 | D:7      | Found a white marble altar of Elyvilon.
 10122 | D:7      | Found an iron altar of Okawaru.
 10475 | D:7      | Reached skill level 9 in Unarmed Combat
 10504 | D:7      | HP: 3/66 [poisoned by a killer bee]
 10510 | D:7      | HP: 3/66 [poisoned by a killer bee]
 10852 | D:7      | Became a worshipper of Warmaster Okawaru
 11865 | D:8      | Reached skill level 5 in Transmutations
 11953 | D:8      | Reached * piety under Okawaru
 11964 | D:8      | Noticed Pikel
 12075 | D:8      | Found a hide-covered altar of Uskayaw.
 12424 | D:8      | Killed Pikel
 12424 | D:8      | Reached skill level 10 in Unarmed Combat
 12667 | D:8      | Found a runed translucent gate.
 12667 | D:8      | Found a runed translucent gate.
 12667 | D:8      | Found a runed translucent gate.
 12669 | D:8      | Noticed Zaque's ghost (novice TrHu)
 12723 | D:8      | Reached XP level 10. HP: 73/73 MP: 13/16
 12976 | D:8      | Learned a level 5 spell: Blade Hands
 12999 | D:9      | Reached ** piety under Okawaru
 13843 | D:10     | Entered Level 10 of the Dungeon
 14094 | D:10     | Noticed a manticore
 14203 | D:10     | Reached skill level 5 in Spellcasting
 14403 | D:10     | Killed a manticore
 14403 | D:10     | Reached *** piety under Okawaru
 14669 | D:10     | Reached skill level 11 in Unarmed Combat
 15110 | D:10     | Reached **** piety under Okawaru
 15759 | D:11     | Noticed a manticore
 15772 | D:11     | Noticed an oklob plant
 15815 | D:11     | Gained mutation: You have sharp fingernails. [demonic
                  | ancestry]
 15815 | D:11     | Reached XP level 11. HP: 73/78 MP: 12/20
 16095 | D:11     | Noticed a seven-headed hydra
 16109 | D:11     | Killed a seven-headed hydra
 16109 | D:11     | Reached skill level 12 in Unarmed Combat
 16127 | D:11     | Found a shadowy altar of Dithmenos.
 16705 | D:11     | Found a staircase to the Lair.
 17387 | D:12     | Killed an unseen horror
 17387 | D:12     | Reached ***** piety under Okawaru
 17394 | D:12     | Noticed a two-headed ogre
 18104 | D:12     | HP: 3/78 [manticore (15)]
 18109 | D:12     | HP: 2/78 [manticore (2)]
 18109 | D:12     | Mangled by a manticore

Skill      XL: |  1  2  3  4  5  6  7  8  9 10 11 |
---------------+----------------------------------+-----
Unarmed Combat | 3 4 5 6 8 10 11 12 | 12.2
Transmutations | 2 3 4 5 7 |  7.8
Poison Magic   | 1 2 3 |  3.0
Dodging        | 2 3 |  3.3
Fighting       | 2 4 |  4.8
Spellcasting   | 4 6 |  6.0

Action                   |  1- 3 |  4- 6 |  7- 9 | 10-12 || total
-------------------------+-------+-------+-------+-------++-------
Melee: Unarmed           |    93 |    78 |   260 |   214 ||   645
       Kick              |     6 |     3 |     2 |       ||    11
       Headbutt          |     4 |     2 |       |       ||     6
       Hunting sling     |       |       |     1 |       ||     1
 Fire: Hunting sling     |       |   136 |   187 |    84 ||   407
Throw: Stone             |     4 |    13 |       |       ||    17
 Cast: Beastly Appendage |    14 |    10 |     1 |       ||    25
       Sticks to Snakes  |     5 |     8 |    86 |    46 ||   145
       Spider Form       |       |     3 |    50 |    27 ||    80
Invok: Heroism           |       |       |     1 |     5 ||     6
 Abil: End Transformatio |       |       |     1 |     4 ||     5
Evoke: Wand              |       |     1 |     6 |     4 ||    11
  Use: Potion            |       |     2 |     6 |       ||     8
       Scroll            |       |       |    16 |     3 ||    19
 Stab: Sleeping          |       |       |       |     2 ||     2
       Distracted        |       |       |       |     3 ||     3
  Eat: Chunk             |     1 |     9 |    17 |    20 ||    47
       Ration            |       |     1 |     6 |       ||     7
Armor: Robe              |    19 |    17 |    41 |    13 ||    90
       Skin              |       |     8 |    23 |     3 ||    34
Dodge: Dodged            |    64 |    79 |   286 |   270 ||   699
